 Dungeon Crawl Stone Soup version 0.21-a0-504-g2eda330 (webtiles) character file.

23 4thArraOfDagon the Firebug (level 3, 0/24 HPs)
             Began as a Barachi Fire Elementalist on Nov 25, 2017.
             Succumbed to a scorpion's poison
             ... on level 4 of the Dungeon.
             The game lasted 00:02:07 (367 turns).

4thArraOfDagon the Firebug (BaFE)                    Turns: 367, Time: 00:02:08

Health: 0/24       AC:  2    Str:  9    XL:     3   Next: 0%
Magic:  0/6        EV: 12    Int: 16    God:
Gold:   46         SH:  0    Dex: 12    Spells: 3/7 levels left

rFire    . . .     SeeInvis .   f - +1 dagger (venom)
rCold    . . .     Gourm    .   (no shield)
rNeg     . . .     Faith    .   a - +0 robe
rPois    .         Spirit   .   (no helmet)
rElec    .         Reflect  .   (no cloak)
rCorr    .         Harm     .   (no gloves)
MR       .....                  (no boots)
Stlth    ++........             (no amulet)
HPRegen  0.08/turn              (no ring)
MPRegen  0.10/turn              (no ring)

@: lethally poisoned (0 -> -9), berserk cooldown, slowed, very slow
A: +LOS, swims, slowness 1, strong legs 1
a: Hop


You were on level 4 of the Dungeon.
You were not hungry.

You visited 1 branch of the dungeon, and saw 4 of its levels.

You collected 46 gold pieces.

Inventory:

Hand Weapons
 f - a +1 dagger of venom (weapon)
Armour
 a - a +0 robe (worn)
Potions
 h - a potion of degeneration
Books
 b - a book of Flames

   Spells                             Type                      Level
   a - Flame Tongue                   Conjuration/Fire             1
   b - Throw Flame                    Conjuration/Fire             2
   c - Conjure Flame                  Conjuration/Fire             3
   d - Inner Flame                    Hexes/Fire                   3
   e - Sticky Flame                   Conjuration/Fire             4
   f - Fireball                       Conjuration/Fire             5
Comestibles
 c - a bread ration


   Skills:
 - Level 2.1 Dodging
 - Level 1.7 Stealth
 + Level 2.5 Spellcasting
 * Level 2.1 Conjurations
 * Level 3.8 Fire Magic


You had 3 spell levels left.
You knew the following spells:

 Your Spells              Type           Power        Failure   Level  Hunger
a - Flame Tongue          Conj/Fire      ##...        6%          1    #......
b - Conjure Flame         Conj/Fire      ##......     17%         3    ###....


Dungeon Overview and Level Annotations

Branches:
Dungeon (4/15)
 Temple: D:4-7

Altars:
Gozag
Qazlal
Zin


Innate Abilities, Weirdness & Mutations

Shadows flee at your approach. (+LOS)
You can swim through water.
You cover ground slowly.
You can hop short distances.


Message History

Casting: Conjure Flame
Confirm with . or Enter, or press ? or * to list all spells.
Aiming: Flame Tongue
Press: ? - help, Shift-Dir - straight line, f - scorpion
Aim: a scorpion (lightly wounded, poisoned)
The flame tongue hits the scorpion.
The scorpion is moderately wounded.
The scorpion stings you.
* * * LOW HITPOINT WARNING * * *
You are lethally poisoned!
The scorpion poisons you! The scorpion closely misses you.
Unknown command.
Unknown command.
Casting: Flame Tongue
Confirm with . or Enter, or press ? or * to list all spells.
Aiming: Flame Tongue
Press: ? - help, Shift-Dir - straight line, f/p - scorpion
Aim: a scorpion (heavily wounded, poisoned)
The flame tongue misses the scorpion.
You die...

# . ######
.##....#
..#....#
#.#....#
#.#<...#
#.##@###
##.##s..#
#s.#..#.#
#.#...#.#
#s.#...# .
#..#.#........
#...#..........
....##..........
.....
..#.########


You could see a scorpion.

Vanquished Creatures
  An adder (D:3)
  A bat (D:2)
  A giant cockroach (D:3)
  3 goblins (D:3)
  3 hobgoblins
  A frilled lizard (D:2)
  3 rats (D:3)
13 creatures vanquished.

Notes
Turn   | Place    | Note
-------+----------+-------------------------------------------
     0 | D:1      | 4thArraOfDagon the Barachi Fire Elementalist began the quest for the Orb.
     0 | D:1      | Reached XP level 1. HP: 13/13 MP: 3/3
   207 | D:3      | Found an opulent altar of Gozag.
   216 | D:3      | Found a stormy altar of Qazlal.
   216 | D:3      | Found a glowing silver altar of Zin.
   226 | D:3      | Reached XP level 2. HP: 19/19 MP: 5/5
   292 | D:3      | Reached XP level 3. HP: 9/24 MP: 1/6
   297 | D:3      | Learned a level 3 spell: Conjure Flame
   339 | D:4      | Noticed a scorpion
   367 | D:4      | Succumbed to a scorpion's poison

Vault maps used:
D:1:      saegor_arrival_fortress, serial_bayou_crossing
D:2:      serial_bayou_pond_b
D:3:      grunt_temple_overflow_open, nicolae_overflow_crystal_walls
D:4:      first_bread, nicolae_ossuary_entry_plus, nzn_random_ring

Skill      XL: |  1  2 |
---------------+-------+-----
Conjurations   | 2 |  2.1
Dodging        | |  2.1
Stealth        | |  1.7
Spellcasting   | |  2.5
Fire Magic     | |  3.8

Action                   || total
-------------------------++-------
Melee: Dagger            ||    13
 Cast: Flame Tongue      ||    15
       Conjure Flame     ||     2
  Use: Scroll            ||     2
       Potion            ||     1
 Stab: Sleeping          ||     1
Armor: Robe              ||     4
Dodge: Dodged            ||     7

Table legend:
 A = Spawn XP
 B = Non-spawn XP
 C = Spawn XP percentage of total XP
 D = Spawn monster count
 E = Non-spawn monster count
 F = Spawn count percentage of total count
 G = Total turns spent on level
                    A         B        C        D         E        F      G
               +---------+---------+-------+---------+---------+-------+---------
         Total |       0 |      34 |   0.0 |       0 |      13 |   0.0 |   367
               +---------+---------+-------+---------+---------+-------+---------
           D:2 |       0 |       7 |   0.0 |       0 |       4 |   0.0 |   143
           D:3 |       0 |      27 |   0.0 |       0 |       9 |   0.0 |   149
               +---------+---------+-------+---------+---------+-------+---------
